 Dungeon Crawl Stone Soup version 0.29-a0-322-g68df515428 (webtiles) character file.

Game seed: 17632915214848277616

263 sanka the Conjurer (level 6, -6/44 HPs)
             Began as a Gnoll Conjurer on Apr 8, 2022.
             Mangled by an iguana (13 damage)
             ... on level 3 of the Dungeon.
             The game lasted 00:03:42 (2633 turns).

sanka the Conjurer (Gnoll Conjurer)                 Turns: 2633, Time: 00:03:42

Health: -6/44      AC:  2    Str: 13    XL:     6   Next: 19%
Magic:  4/14       EV: 13    Int: 19    God:
Gold:   149        SH:  0    Dex: 10    Spells: 12/15 levels left

rFire   . . .      SeeInvis .   d - +0 trident
rCold   . . .      Faith    .   (no shield)
rNeg    . . .      Spirit   .   a - +0 robe
rPois   .          Reflect  .   (no helmet)
rElec   .          Harm     .   (no cloak)
rCorr   .          Rampage  .   (no gloves)
Will    +....                   (no boots)
Stlth   ++........              (no amulet)
HPRegen 0.14/turn               g - +6 ring of strength
MPRegen 0.14/turn               k - ring of willpower

@: no status effects
A: fangs 1, strong nose, distributed training
a: no special abilities


You were on level 3 of the Dungeon.
You visited 1 branch of the dungeon, and saw 3 of its levels.

You collected 149 gold pieces.


Innate Abilities, Weirdness & Mutations

You have very sharp teeth.
Your uncanny sense of smell can sniff out nearby items.
Your experience applies equally to all skills.


   Skills:
 + Level 1.8 Fighting
 + Level 1.8 Short Blades
 + Level 1.8 Long Blades
 + Level 1.8 Axes
 + Level 1.8 Maces & Flails
 + Level 1.8 Polearms
 + Level 1.8 Staves
 + Level 1.8 Slings
 + Level 1.8 Bows
 + Level 1.8 Crossbows
 + Level 1.8 Throwing
 + Level 1.8 Armour
 + Level 4.9 Dodging
 + Level 4.5 Stealth
 + Level 1.8 Shields
 + Level 1.8 Unarmed Combat
 + Level 5.3 Spellcasting
 + Level 7.2 Conjurations
 + Level 1.4 Hexes
 + Level 1.4 Summonings
 + Level 1.4 Necromancy
 + Level 1.4 Translocations
 + Level 1.4 Transmutations
 + Level 1.4 Fire Magic
 + Level 1.4 Ice Magic
 + Level 1.4 Air Magic
 + Level 1.4 Earth Magic
 + Level 1.4 Poison Magic
 + Level 2.0 Invocations
 + Level 1.8 Evocations


You had 12 spell levels left.
You knew the following spells:

 Your Spells              Type           Power      Damage    Failure   Level
x - Searing Ray           Conj           64%        2d6       1%          2
z - Magic Dart            Conj           100%       1d8       1%          1

Your spell library contained the following spells:

 Spells                   Type           Power      Damage    Failure   Level
 Dazzling Flash           Conj/Hex       42%        N/A       6%          3
 Sublimation of Blood     Necr           10%        N/A       10%         2
 Ozocubu's Armour         Ice            10%        N/A       21%         3
 Tukima's Dance           Hex            10%        N/A       21%         3
 Fulminant Prism          Conj/Hex       10%        3d9       21%         4
 Iskenderun's Mystic Bla  Conj/Tloc      21%        2d6       21%         4
 Irradiate                Conj/Tmut      10%        3d16      50%         5
 Passage of Golubria      Tloc           10%        N/A       54%         4
 Petrify                  Tmut/Erth      10%        N/A       54%         4
 Metabolic Englaciation   Hex/Ice        5%         N/A       88%         5
 Yara's Violent Unravell  Hex/Tmut       5%         3d4       88%         5
 Starburst                Conj/Fire      10%        6d5       97%         6
 Simulacrum               Ice/Necr       5%         N/A       100%        6

Inventory:

Hand Weapons
 d - a +0 trident (weapon)
Armour
 a - a +0 robe (worn)
 o - a +0 buckler
Jewellery
 g - a +6 ring of strength (left hand)
 k - a ring of willpower (right hand)
 q - a ring of fire
Scrolls
 e - 2 scrolls of fear {unknown}
 f - a scroll of amnesia {unknown}
 h - 2 scrolls of immolation {unknown}
 l - a scroll of enchant weapon {unknown}
 m - a scroll of torment {unknown}
 p - a scroll of brand weapon {unknown}
Potions
 b - a potion of magic
 c - a potion of heal wounds {unknown}
 i - a potion of curing {unknown}
 j - 2 potions of berserk rage {unknown}
 n - a potion of mutation {unknown}
 r - a potion of degeneration {unknown}

Dungeon Overview and Level Annotations

Branches:
Dungeon (3/15)

Altars:
Wu Jian

Shops:
D:2

[ ▒▒▒▒▒.▒▒▒ ▒
▒gl.)....
▒▒▒▒<▒▒▒▒▒.▒▒▒.▒▒▒
...........▒
▒▒▒▒▒▒▒.▒▒▒▒ ▒.▒
▒.▒ ▒.▒▒▒▒▒)▒
▒.......▒
▒..▒▒▒..▒


You could see an iguana.


Message History

The iguana is heavily wounded.
The magic dart hits the iguana but does no damage.
The iguana is heavily wounded.
The magic dart hits the iguana.
The iguana is severely wounded.
The iguana bites you.
The magic dart hits the iguana but does no damage.
The iguana is severely wounded.
The iguana bites you!
The magic dart hits the iguana but does no damage.
The iguana is severely wounded.
The iguana barely misses you.
The magic dart hits the iguana but does no damage.
The iguana is severely wounded.
The iguana barely misses you.
The magic dart hits the iguana.
The iguana is severely wounded.
The iguana bites you!
The magic dart hits the iguana.
The iguana is severely wounded.
The iguana bites you!
* * * LOW HITPOINT WARNING * * *
The magic dart hits the iguana but does no damage.
The iguana is severely wounded.
The iguana bites you!
* * * LOW HITPOINT WARNING * * *
The magic dart hits the iguana.
The iguana is almost dead.
The iguana bites you!
You die...

Action                   |  1- 3 |  4- 6 || total
-------------------------+-------+-------++-------
Melee: Trident           |     2 |       ||     2
 Cast: Magic Dart        |    50 |    49 ||    99
Dodge: Dodged            |     4 |     2 ||     6

Levels and vault maps discovered:
D:1:      zelgadis_glass_arrival_small, layout_loops_corners
D:2:      layout_loops_ring, serial_glass, glass_columns_a, glass_columns_b,
          glass_columns_b, glass_columns_c, glass_columns_c, feat_on_display,
          due_unseen_surprise, item_on_display_b, item_on_display_a,
          dreamdust_ecumenical_altar_angels_and_demons, basic_altar,
          serial_shops, shop
D:3:      layout_loops_ring, uniq_sigmund

Notes
Turn   | Place    | Note
-------+----------+-------------------------------------------
     0 | D:1      | sanka the Gnoll Conjurer began the quest for the Orb.
     0 | D:1      | Reached XP level 1. HP: 13/13 MP: 6/6
   414 | D:1      | Reached XP level 2. HP: 19/19 MP: 4/7
  1008 | D:1      | Learned a level 2 spell: Searing Ray
  1045 | D:1      | Reached XP level 3. HP: 25/25 MP: 5/9
  1341 | D:2      | Reached skill level 5 in Spellcasting
  1377 | D:2      | Reached skill level 1 in Invocations
  1389 | D:2      | Reached skill level 1 in Fighting
  1389 | D:2      | Reached skill level 1 in Short Blades
  1389 | D:2      | Reached skill level 1 in Long Blades
  1389 | D:2      | Reached skill level 1 in Axes
  1389 | D:2      | Reached skill level 1 in Maces & Flails
  1389 | D:2      | Reached skill level 1 in Polearms
  1389 | D:2      | Reached skill level 1 in Staves
  1389 | D:2      | Reached skill level 1 in Slings
  1389 | D:2      | Reached skill level 1 in Bows
  1389 | D:2      | Reached skill level 1 in Crossbows
  1389 | D:2      | Reached skill level 1 in Throwing
  1389 | D:2      | Reached skill level 1 in Armour
  1389 | D:2      | Reached skill level 1 in Shields
  1389 | D:2      | Reached skill level 1 in Unarmed Combat
  1389 | D:2      | Reached skill level 1 in Evocations
  1484 | D:2      | Reached XP level 4. HP: 32/32 MP: 8/11
  1558 | D:2      | Found an ornate altar of the Wu Jian Council.
  1788 | D:2      | Found Eproygaix's Armour Shop.
  2040 | D:2      | Found a faded altar of an unknown god.
  2341 | D:3      | Noticed Sigmund
  2402 | D:3      | Reached skill level 1 in Hexes
  2402 | D:3      | Reached skill level 1 in Summonings
  2402 | D:3      | Reached skill level 1 in Necromancy
  2402 | D:3      | Reached skill level 1 in Translocations
  2402 | D:3      | Reached skill level 1 in Transmutations
  2402 | D:3      | Reached skill level 1 in Fire Magic
  2402 | D:3      | Reached skill level 1 in Ice Magic
  2402 | D:3      | Reached skill level 1 in Air Magic
  2402 | D:3      | Reached skill level 1 in Earth Magic
  2402 | D:3      | Reached skill level 1 in Poison Magic
  2504 | D:3      | Killed Sigmund
  2505 | D:3      | Reached skill level 2 in Invocations
  2505 | D:3      | Reached XP level 5. HP: 38/38 MP: 3/12
  2505 | D:3      | Reached XP level 6. HP: 44/44 MP: 3/13
  2633 | D:3      | Mangled by an iguana

Vanquished Creatures
  Sigmund (D:3)
  7 adders
  A dart slug (D:1)
  An orc (D:3)
  4 endoplasms
  4 giant cockroaches
  5 goblins
  2 hobgoblins
  4 jackals (D:1)
  2 quokkas (D:1)
  6 ball pythons
  A bat (D:2)
  2 frilled lizards
  5 kobolds
  3 rats
48 creatures vanquished.
